 Dungeon Crawl Stone Soup version 0.23.0-3-gf3c87f2 (webtiles) character file.

Game seed: 7490394401698329805

354 Lanoc the Skirmisher (level 6, -2/51 HPs)
             Began as a Demonspawn Chaos Knight on Feb 23, 2019.
             Was a Plaything of Xom.
             Slain by a hound (5 damage)
             ... on level 4 of the Dungeon.
             The game lasted 00:07:13 (2330 turns).

Lanoc the Skirmisher (Demonspawn Chaos Knight)      Turns: 2330, Time: 00:07:14

Health: -2/51      AC:  7    Str: 14    XL:     6   Next: 35%
Magic:  0/6        EV: 12    Int: 23    God:    Xom [.*....]
Gold:   141        SH:  0    Dex: 13    Spells: 5/5 levels left

rFire    . . .     SeeInvis .   a - +0 falchion (chaos)
rCold    . . .     Gourm    .   (no shield)
rNeg     . . .     Faith    .   b - +2 leather armour
rPois    .         Spirit   +   (no helmet)
rElec    .         Reflect  .   (no cloak)
rCorr    .         Harm     .   (no gloves)
MR       +....                  (no boots)
Stlth    +.........             (no amulet)
HPRegen  0.17/turn              f - +6 ring of intelligence
MPRegen  0.10/turn              j - ring of protection from magic

@: lethally poisoned (-2 -> -5), about to teleport, drained
A: rugged brown scales 2, clever 2, magic shield
a: Renounce Religion


You were on level 4 of the Dungeon.
You worshipped Xom.
You were a plaything of Xom.
You were not hungry.

You visited 1 branch of the dungeon, and saw 4 of its levels.

You collected 141 gold pieces.

Inventory:

Hand Weapons
 a - a +0 falchion of chaos (weapon)
Missiles
 q - 8 needles of sleeping
Armour
 b - a +2 leather armour (worn)
Jewellery
 d - a +5 ring of evasion
 f - a +6 ring of intelligence (left hand)
 j - a ring of protection from magic (right hand)
 s - a +5 ring of dexterity {unknown}
Wands
 e - a wand of digging (5)
 t - a wand of flame (14)
Scrolls
 i - 2 scrolls of enchant armour {unknown}
 k - a scroll of magic mapping
 l - 4 scrolls of identify
 o - 2 scrolls of fog
Comestibles
 c - 5 rations
 g - a chunk of flesh


   Skills:
 + Level 4.6(3.9) Fighting
 * Level 3.0(2.4) Long Blades
 + Level 3.7(3.0) Armour
 + Level 3.3(2.7) Dodging


You had 5 spell levels left.
You didn't know any spells.
Your spell library was empty.

Dungeon Overview and Level Annotations

Branches:
Dungeon (4/15)
 Temple: D:4-7

Altars:
Dithmenos
Elyvilon
Fedhas
Gozag
Okawaru
Wu Jian
Xom
Zin

Annotations:
D:3 Jessica


Innate Abilities, Weirdness & Mutations

You are mostly covered in rugged brown scales. (AC +2, +5% HP)
When hurt, damage is shared between your health and your magic reserves.
Your mind is very acute. (Int +4)


Message History

The hound barely misses you.
You riposte.
You hit the hound but do no damage.
The hound is moderately wounded.
You aren't carrying any potions.
As you read the scroll of teleportation, it crumbles to dust.
You feel strangely unstable. The hound bites you but does no damage.
The iron imp closely misses you.
You riposte.
You barely miss the iron imp. The worker ant zombie bites you.
* * * LOW HITPOINT WARNING * * *
The shadow imp sputters.
The iron imp hits you.
* * * LOW HITPOINT WARNING * * *
As you read the scroll labeled OWKICI OXYMM, it crumbles to dust.
The scroll dissolves into smoke.
It was a scroll of fog.
You feel sick. The hound closely misses you.
You riposte.
You miss the hound.
The hound is moderately wounded.
The worker ant zombie barely misses you.
The iron imp hits you!
* * * LOW HITPOINT WARNING * * *
The hound bites you.
You die...

## .. ###. ## #..
>[ #.# .# ######.#
.#
#......###Z######
#.####.55h5§....#
##†## ##.#@#####.
#...## #.#Z#
#.#.#.###.#§#
###.##.##.##.#.#
..[.........#.#
.####.##.##.####.#
.........#.## #.#
.######...## #.#
......<....#


You could see a hound, 2 iron imps, a shadow imp, a worker ant zombie and a
killer bee zombie.

Vanquished Creatures
  A hell hound (D:3)
  An orc wizard (D:3)
  Natasha (twice) (D:3)
  A worker ant (D:4)
  Robin (D:3)
  5 adders (D:2)
  2 dart slugs (D:1)
  9 orcs (D:3)
  9 bats
  3 giant cockroaches
  18 goblins
  13 hobgoblins
  6 kobolds
  A quokka (D:4)
  4 frilled lizards
  4 rats
80 creatures vanquished.

Notes
Turn   | Place    | Note
-------+----------+-------------------------------------------
     0 | D:1      | Lanoc the Demonspawn Chaos Knight began the quest for the
                  | Orb.
     0 | D:1      | Reached XP level 1. HP: 18/18 MP: 1/1
     9 | D:1      | Reached skill level 1 in Dodging
    47 | D:1      | XOM: potion effect (haste)
    98 | D:1      | Gained mutation: When hurt, damage is shared between your
                  | health and your magic reserves. [demonic ancestry]
    98 | D:1      | Reached XP level 2. HP: 24/24 MP: 2/2
   148 | D:1      | XOM: harmless Summ miscast
   321 | D:1      | XOM: noise
   399 | D:2      | Found a shadowy altar of Dithmenos.
   410 | D:2      | Reached XP level 3. HP: 23/29 MP: 3/3
   425 | D:2      | XOM: god gift: 8 needles of sleeping
   432 | D:2      | XOM: god gift: hunting sling {god gift}
   479 | D:2      | XOM: scenery: 2 doors open
   489 | D:2      | Found a white marble altar of Elyvilon.
   558 | D:2      | XOM: give mutations
   558 | D:2      | Gained mutation: You are covered in fur. (AC +1) [Xom's
                  | grace]
   558 | D:2      | Gained mutation: Your mind is acute. (Int +2) [Xom's grace]
   558 | D:2      | Gained mutation: You are agile. (Dex +2) [Xom's grace]
   558 | D:2      | Gained mutation: Your mind is very acute. (Int +4) [Xom's
                  | grace]
   610 | D:2      | XOM: medium Necr miscast
   677 | D:2      | XOM: scenery: create altars
   726 | D:2      | XOM: give mutations
   726 | D:2      | Gained mutation: You expend magic power (3 MP) to
                  | strengthen your wands. [Xom's mischief]
   726 | D:2      | Lost mutation: You expend magic power (3 MP) to strengthen
                  | your wands. [Xom's mischief]
   726 | D:2      | Lost mutation: You are agile. (Dex +2) [Xom's mischief]
   875 | D:2      | Found a blossoming altar of Fedhas.
   938 | D:2      | Gained mutation: You are partially covered in rugged brown
                  | scales. (AC +1, +3% HP) [demonic ancestry]
   938 | D:2      | Reached XP level 4. HP: 22/38 MP: 4/4
  1122 | D:2      | XOM: give mutation
  1122 | D:2      | Lost mutation: You are covered in fur. (AC +1) [Xom's
                  | mischief]
  1212 | D:3      | Found an iron altar of Okawaru.
  1287 | D:3      | Noticed Robin
  1297 | D:3      | XOM: harmless Necr miscast
  1335 | D:2      | XOM: god gift: 13 stones
  1447 | D:2      | XOM: noise
  1517 | D:3      | Killed Robin
  1529 | D:3      | Reached skill level 4 in Fighting
  1587 | D:3      | Found a blossoming altar of Fedhas.
  1587 | D:3      | Found an ornate altar of the Wu Jian Council.
  1658 | D:3      | Noticed Grinder
  1662 | D:3      | Noticed Grinder
  1662 | D:3      | Grinder changed into Grinder the hell hound
  1667 | D:3      | XOM: potion effect (magic)
  1681 | D:3      | XOM: swap monsters
  1692 | D:3      | Gained mutation: You are mostly covered in rugged brown
                  | scales. (AC +2, +5% HP) [demonic ancestry]
  1692 | D:3      | Reached XP level 5. HP: 16/44 MP: 1/5
  1702 | D:3      | Killed Grinder the hell hound
  1925 | D:3      | Reached XP level 6. HP: 44/51 MP: 3/6
  2019 | D:3      | Found an opulent altar of Gozag.
  2020 | D:3      | Found a glowing silver altar of Zin.
  2064 | D:3      | Noticed Natasha
  2064 | D:3      | Noticed Jessica
  2065 | D:3      | XOM: potion effect (haste)
  2066 | D:3      | Noticed Jessica
  2066 | D:3      | Jessica changed into Jessica the glowing shapeshifter
  2066 | D:3      | Noticed Jessica
  2066 | D:3      | Jessica the glowing shapeshifter changed into Jessica the
                  | six-headed hydra
  2080 | D:3      | Killed Natasha
  2126 | D:3      | XOM: mild Chrm miscast
  2168 | D:3      | Noticed Jessica
  2194 | D:3      | Noticed Natasha
  2202 | D:3      | Killed Natasha
  2322 | D:4      | XOM: summons 3 hostile demons
  2326 | D:4      | XOM: summons 3 hostile shadow creatures
  2330 | D:4      | Slain by a hound

Skill      XL: |  1  2  3  4  5  6 |
---------------+-------------------+-----
Dodging        | 1 2 3 |  3.3
Armour         | 2 3 |  3.7
Fighting       | 4 |  4.6
Long Blades    | 3 |  3.0

Action                   |  1- 3 |  4- 6 || total
-------------------------+-------+-------++-------
Melee: Falchion          |    88 |   197 ||   285
  Use: Potion            |       |     9 ||     9
       Scroll            |       |     5 ||     5
 Stab: Confused          |       |     1 ||     1
       Sleeping          |       |     1 ||     1
       Paralysed         |       |     2 ||     2
  Eat: Chunk             |       |     5 ||     5
Armor: Leather armour    |    27 |    99 ||   126
Dodge: Dodged            |    48 |   144 ||   192
       Rpst.: Falchion   |    15 |    48 ||    63
